Map: Catalyst LE

Players

zuka - Winner!

  • Race: Protoss Protoss
  • League: Master
  • Spawn Location: 11:00

Sholip

  • Race: Zerg Zerg
  • League: Master
  • Spawn Location: 5:00

VOD

https://youtu.be/-blIn1nmAFY

Description

Time

  • Played on: June 4, 2018, 2:51 p.m.
  • Length: 8:03
Show
View Real Time Build Order
Export as new Build Order

zuka Protoss - Winner!

Build Orders:  

Get SALT Encoding   

  12  0:00  Probe  
  13  0:13  Probe  
  14  0:21  Pylon  
  14  0:22  Probe  
  15  0:35  Probe  
  15  0:42  Gateway  
  16  0:47  Probe  
  16  0:49  Assimilator  
  17  0:59  Probe  
  18  1:04  Forge  
  18  1:11  Probe  
  19  1:23  Probe  
  20  1:34  Cybernetics Core  
  20  1:35  Probe  
  20  1:38  Photon Cannon  
  21  1:47  Probe  
  22  2:03  Nexus  
  22  2:09  Assimilator  
  22  2:16  Pylon  
  22  2:18  Probe  
  23  2:25  Warp Gate  
  23  2:33  Probe  
  23  2:34  Stalker  
  26  2:42  Probe  
  26  2:50  Probe  
  28  2:59  Probe  
  28  3:04  Robotics Facility  
  29  3:08  Probe  
  30  3:16  Probe  
  30  3:19  Twilight Council  
  30  3:24  Adept  
  30  3:25  Probe  
  33  3:27  Probe  
  33  3:33  Probe  
  35  3:39  Probe  
  37  3:41  Warp Prism  
  37  3:42  Probe  
  37  3:43  Pylon  
  38  3:51  Probe, Sentry  
  38  3:55  Probe  
  44  4:03  Probe  
  44  4:08  Resonating Glaives  
  46  4:12  Immortal  
  46  4:13  Gateway  
  46  4:16  Gateway  
  49  4:26  Pylon  
  49  4:37  Sentry  
  51  4:40  Gateway  
  51  4:42  Gateway  
  51  4:44  Immortal  
  51  4:59  Pylon  
  54  5:06  Sentry, Gateway  
  56  5:07  Gateway  
  56  5:26  Pylon  
  56  5:37  Pylon  
  56  5:38  Adept  
  56  5:39  Adept x2  
  62  5:50  Pylon  
  62  5:57  Adept x4  
  62  5:58  Charge  
  62  5:59  Adept  
  72  6:11  Pylon  
  58  6:28  Adept x4  
  58  6:32  Adept x3  
  64  6:50  Zealot x4  
  64  6:53  Zealot x2  
  64  6:54  Zealot  
  78  7:03  Pylon  
  78  7:15  Adept x2  
  80  7:16  Adept x4  
  80  7:17  Adept  
Show
View Real Time Build Order
Export as new Build Order

Sholip Zerg 

Build Orders: Pool First 

Get SALT Encoding   

  12  0:17  Spawning Pool  
  11  0:22  Drone  
  11  0:27  Drone  
  13  0:31  Drone  
  14  0:40  Overlord  
  14  1:04  Zergling x2  
  14  1:05  Zergling x2  
  16  1:13  Hatchery  
  16  1:17  Zergling x2  
  16  1:21  Zergling x2  
  17  1:27  Zergling x2  
  18  1:38  Queen  
  20  1:45  Overlord  
  20  1:53  Drone  
  21  2:01  Drone  
  22  2:14  Drone  
  23  2:18  Queen  
  23  2:21  Drone  
  26  2:37  Drone x3  
  26  2:39  Extractor  
  26  2:43  Overlord  
  28  2:57  Drone x3  
  31  3:08  Hatchery  
  31  3:11  Drone  
  31  3:12  Drone  
  32  3:26  Drone x4  
  36  3:31  Extractor  
  35  3:36  Drone  
  36  3:45  Lair  
  36  3:50  Overlord  
  35  4:04  Roach Warren  
  35  4:05  Drone  
  35  4:08  Queen, Overlord  
  37  4:11  Drone x3  
  37  4:16  Drone x2  
  42  4:18  Drone  
  42  4:22  Drone x2  
  45  4:38  Overlord x2  
  45  4:44  Roach  
  45  4:45  Roach x3  
  53  4:56  Roach x4  
  61  5:04  Roach x3  
  67  5:13  Overseer  
  66  5:25  Roach  
  66  5:26  Roach x3  
  74  5:29  Overlord x2  
  74  5:30  Overlord  
  73  5:47  Drone x2  
  73  5:48  Overlord x2  
  73  5:49  Overlord x2  
  75  5:53  Roach  
  75  5:54  Roach x2  
  81  5:59  Roach, Zergling x4  
  81  6:01  Ravager  
  86  6:08  Roach x2  
  78  6:18  Roach  
  78  6:19  Roach  
  68  6:28  Roach  
  68  6:29  Zergling x12  
  68  6:30  Zergling x4  
  78  6:33  Queen  
  59  6:47  Roach x2  
  59  6:48  Roach x2  
  59  6:54  Roach  
  69  7:01  Roach x2  
  73  7:05  Extractor  
  73  7:07  Extractor  
  54  7:16  Roach x3  
Tags
 
Matchup
PvZ
Opening
Pool First
Spawn Locations
Cross Positions
Add a new tag
Caveats
  • Supply blocks, unpowered buildings, or Contaminate may cause inaccurate times.
  • Supply counts are checked every 10 seconds.